 Dungeon Crawl Stone Soup version 0.30-a0-778-g2ef04afb54 (webtiles) character file.

Game seed: 2567850488054712644

6069 vineage the Fighter (level 10, 0/74 HPs)
             Began as a Gargoyle Fighter on Feb 13, 2023.
             Was a Believer of Okawaru.
             Slain by an orc warrior
             ... wielding a +0 flail
              (11 damage)
             ... on level 8 of the Dungeon on Feb 16, 2023.
             The game lasted 00:07:58 (8622 turns).

vineage the Fighter (Gargoyle Fighter)              Turns: 8622, Time: 00:07:58

Health: 0/74       AC: 19    Str: 24    XL:     10   Next: 87%
Magic:  19/20      EV: 10    Int: 11    God:    Okawaru [**....]
Gold:   503        SH:  6    Dex: 14    Spells: 9/9 levels left

rFire   . . .      SeeInvis .    r - +9 rapier of Fatigue {elec, Int+2 Dex+5}
rCold   + . .      Faith    .    c - +0 buckler
rNeg    + + .      Spirit   .    t - +1 ring mail "Cycwibb" {rC+ MP+9}
rPois   ∞          Reflect  .    B - +0 hat
rElec   +          Harm     .    (no cloak)
rCorr   .          Rampage  .    e - +2 pair of gloves
Will    .....                    g - +0 pair of boots
Stlth   +                        (no amulet)
HPRegen 0.32/turn                i - ring of flight
MPRegen 0.17/turn                y - ring of positive energy

@: flying
A: sickness immunity, AC +7, negative energy resistance 1, electricity
resistance, torment resistance 1, petrification resistance
a: Renounce Religion, Heroism


You were on level 8 of the Dungeon.
You worshipped Okawaru.
Okawaru was pleased with you.
You visited 2 branches of the dungeon, and saw 9 of its levels.

You collected 503 gold pieces.

Inventory:

Hand Weapons
 a - a +0 flail
 p - a +1 flail of protection
 r - the +9 rapier of Fatigue (weapon) {elec, Int+2 Dex+5}
   (You took it off an orc on level 4 of the Dungeon)

   Int:       It affects your intelligence (+2).
   Dex:       It affects your dexterity (+5).
Armour
 c - a +0 buckler (worn)
 e - a +2 pair of gloves (worn)
 g - a +0 pair of boots (worn)
 t - the +1 ring mail "Cycwibb" (worn) {rC+ MP+9}
   (You found it on level 5 of the Dungeon)

   rC:        It protects you from cold.
   MP:        It affects your magic capacity (+9).
 B - a +0 hat (worn)
Jewellery
 i - a ring of flight (left hand)
 n - a +6 ring of intelligence
 y - a ring of positive energy (right hand)
Wands
 d - a wand of iceblast (5)
 u - a wand of charming (10)
 x - a wand of mindburst (4)
Scrolls
 b - a scroll of immolation
 h - 5 scrolls of teleportation
 l - 2 scrolls of blinking
 o - a scroll of magic mapping
 v - 5 scrolls of identify
 C - a scroll of enchant armour {unknown}
 D - a scroll of fear {unknown}
Potions
 f - 2 potions of brilliance
 j - 2 potions of attraction {unknown}
 k - 3 potions of flight {unknown}
 m - 6 potions of curing
 q - 2 potions of ambrosia {unknown}
 s - a potion of magic {unknown}
 w - a potion of invisibility {unknown}
 z - a potion of resistance {unknown}
 A - 2 potions of degeneration {unknown}


   Skills:
 * Level 13.9 Fighting
 + Level 4.7 Maces & Flails
 + Level 7.6 Armour
 + Level 7.5 Shields
 + Level 2.0 Invocations


You had 9 spell levels left.
You didn't know any spells.
Your spell library contained the following spells:

 Spells                   Type           Power      Damage    Failure   Level
 Beastly Appendage        Tmut           0%         N/A       54%         1
 Magic Dart               Conj           0%         1d3       54%         1
 Sandblast                Erth           0%         2d4       54%         1
 Blink                    Tloc           0%         N/A       69%         2
 Lesser Beckoning         Tloc           0%         N/A       69%         2
 Momentum Strike          Conj/Tloc      0%         3d8       69%         2
 Passwall                 Tmut/Erth      0%         N/A       69%         2
 Searing Ray              Conj           0%         2d4       69%         2
 Wereblood                Tmut           0%         N/A       69%         2
 Mephitic Cloud           Conj/Pois/Air  0%         N/A       89%         3
 Spider Form              Tmut/Pois      0%         N/A       89%         3
 Stone Arrow              Conj/Erth      0%         3d7       89%         3
 Fulminant Prism          Conj/Hex       0%         3d5       100%        4
 Leda's Liquefaction      Hex/Erth       0%         N/A       100%        4
 Lee's Rapid Deconstruct  Erth           0%         3d4*      100%        5
 Orb of Destruction       Conj           0%         9d5       100%        7
 Summon Small Mammal      Summ           Unusable   N/A       N/A         1
 Call Imp                 Summ           Unusable   N/A       N/A         2
 Call Canine Familiar     Summ           Unusable   N/A       N/A         3
 Summon Guardian Golem    Hex/Summ       Unusable   N/A       N/A         3
 Statue Form              Tmut/Erth      Unusable   N/A       N/A         6
 Spellforged Servitor     Conj/Summ      Unusable   N/A       N/A         7

Dungeon Overview and Level Annotations

Branches:
Dungeon (8/15)             Temple (1/1) D:4
   Lair: D:8-11

Altars:
Ashenzari
Cheibriados
Elyvilon
Gozag
Makhleb
Okawaru
Qazlal
Ru
Trog
Uskayaw
Wu Jian
Xom
Yredelemnul
Zin

Shops:
D:1 (   D:4 :


Innate Abilities, Weirdness & Mutations

You are immune to sickness and miasma.
Your stone body is resilient. (AC +7)
You are immune to poison.
You resist negative energy. (rN+)
You are resistant to electric shocks. (rElec)
You are resistant to unholy torment.
You are immune to petrification.


Message History

You puncture the komodo dragon!
You kill the komodo dragon!
Okawaru accepts your kill.
You hit the orc. Lightning courses through the orc!
You kill the orc!
Okawaru accepts your kill.
You puncture the two-headed ogre!
Lightning courses through the two-headed ogre!
The two-headed ogre is heavily wounded.
The two-headed ogre hits you but does no damage.
The two-headed ogre misses you.
You hit the two-headed ogre but do no damage.
Lightning courses through the two-headed ogre!
The two-headed ogre is severely wounded.
You puncture the two-headed ogre!
The two-headed ogre is severely wounded.
The two-headed ogre misses you. You block the two-headed ogre's attack.
You hit the two-headed ogre.
The two-headed ogre is severely wounded.
The two-headed ogre hits you with a +0 giant spiked club.
The two-headed ogre hits you with a +0 dire flail!
You barely miss the two-headed ogre.
The two-headed ogre is severely wounded.
You hit the two-headed ogre.
Lightning courses through the two-headed ogre!
You kill the two-headed ogre!
Okawaru is honoured by your kill.
You feel like a meek peon again.
Your Invocations skill increases to level 2!
You hit the orc warrior.
The orc warrior is moderately wounded.
The orc warrior hits you with a +0 flail.
You hit the orc warrior.
The orc warrior is moderately wounded.
The orc warrior hits you with a +0 flail!
* * * LOW HITPOINT WARNING * * *
You closely miss the orc warrior.
The orc warrior is moderately wounded.
The orc warrior hits you with a +0 flail!
You die...

#.# #.# #.# ... #.# ...##
#.# .....# #.# ...... #.#
..o...# #.# ....... #@#
#....O##o# ####
#...5o.oo## #..<
#...o.#.5.# #...
#.....#...# #######.##
.......#...# #.......##
......##..#######.#####...
...... #.................#
.....# #.######...........


You could see an orc warrior, a shadow imp and 2 orcs.

Vanquished Creatures
  2 two-headed ogres (D:8)
  Joseph (D:7)
  A komodo dragon (D:8)
  Grinder (D:4)
  2 steam dragons
  Edmund (D:4)
  3 water moccasins
  An orc warrior (D:4)
  3 black bears
  5 ice beasts
  2 ogres (D:6)
  A phantom (D:7)
  A centaur (D:8)
  Blork the orc (D:5)
  4 bullfrogs
  3 necrophages
  3 scorpions
  16 wights
  2 howler monkeys
  4 jellies
  5 hounds
  2 orc priests
  2 iguanas (D:7)
  3 orc wizards
  Ijyb (D:4)
  8 adders
  3 gnolls (D:6)
  3 shadow imps
  A white imp (D:5)
  3 dart slugs (D:1)
  2 worms
  27 orcs
  7 endoplasms
  5 giant cockroaches
  12 goblins
  10 hobgoblins
  5 kobolds
  2 quokkas
  4 ball pythons
  10 bats
  A frilled lizard (D:3)
  2 rats
175 creatures vanquished.

Vanquished Creatures (others)
  28 fungi (D:8)
  15 plants (D:8)
43 creatures vanquished.

Grand Total: 218 creatures vanquished

Notes
Turn   | Place    | Note
-------+----------+-------------------------------------------
     0 | D:1      | vineage the Gargoyle Fighter began the quest for the Orb.
     0 | D:1      | Reached XP level 1. HP: 14/14 MP: 1/1
    37 | D:1      | Reached XP level 2. HP: 20/20 MP: 2/2
    51 | D:1      | Found Fadyuh's Antique Weapon Boutique.
   220 | D:1      | Reached skill level 4 in Fighting
   332 | D:1      | Reached XP level 3. HP: 24/24 MP: 3/3
  1304 | D:2      | Reached XP level 4. HP: 29/30 MP: 4/4
  1667 | D:3      | Found an opulent altar of Gozag.
  1736 | D:3      | Reached skill level 5 in Fighting
  2359 | D:3      | Found a stormy altar of Qazlal.
  2364 | D:3      | Found a sacrificial altar of Ru.
  2364 | D:3      | Found a white marble altar of Elyvilon.
  2436 | D:3      | Found an ornate altar of the Wu Jian Council.
  2545 | D:3      | Reached XP level 5. HP: 35/35 MP: 5/5
  2622 | D:4      | Noticed an ice beast
  2638 | D:4      | Killed an ice beast
  2639 | D:4      | Reached skill level 6 in Fighting
  2639 | D:4      | Reached XP level 6. HP: 42/42 MP: 6/6
  2724 | D:4      | Noticed an orc warrior
  2837 | D:4      | Noticed Ijyb
  2841 | D:4      | Identified the +9 rapier of Fatigue {elec, Int+2 Dex+5}
  2847 | D:4      | Killed Ijyb
  2850 | D:4      | Found a broken altar of Ashenzari.
  3028 | D:4      | Noticed Edmund
  3040 | D:4      | Killed Edmund
  3041 | D:4      | Reached skill level 7 in Fighting
  3041 | D:4      | Reached XP level 7. HP: 32/48 MP: 7/7
  3205 | D:4      | Reached skill level 8 in Fighting
  3422 | D:4      | Found a staircase to the Ecumenical Temple.
  3450 | D:4      | Noticed Grinder
  3465 | D:4      | Paralysed by Grinder for 5 turns
  3476 | D:4      | Killed Grinder
  3477 | D:4      | Reached skill level 9 in Fighting
  3477 | D:4      | Reached XP level 8. HP: 17/56 MP: 8/8
  3853 | D:4      | Found Zibylong's Book Shop.
  4173 | D:5      | Entered Level 5 of the Dungeon
  4288 | D:5      | Noticed Blork the orc
  4300 | D:5      | Killed Blork the orc
  4301 | D:5      | Reached skill level 10 in Fighting
  4304 | D:5      | Upgraded the game from 0.30-a0-777-ga9a30cbeda to
                  | 0.30-a0-778-g2ef04afb54
  4390 | D:5      | Identified the +1 ring mail "Cycwibb" {rC+ MP+9}
  5292 | D:6      | Reached skill level 11 in Fighting
  5299 | D:6      | Reached XP level 9. HP: 50/64 MP: 9/9
  5703 | D:6      | Reached skill level 5 in Armour
  5707 | D:6      | Reached skill level 5 in Shields
  5791 | D:6      | Found a bloodstained altar of Trog.
  6325 | D:7      | Reached skill level 12 in Fighting
  6477 | D:7      | Noticed Joseph
  6501 | D:7      | Killed Joseph
  6906 | D:7      | Found a burning altar of Makhleb.
  6906 | D:7      | Found a snail-covered altar of Cheibriados.
  6935 | D:7      | Reached XP level 10. HP: 61/72 MP: 10/10
  7449 | Temple   | Entered the Ecumenical Temple
  7455 | Temple   | Became a worshipper of Warmaster Okawaru
  7563 | D:8      | Reached skill level 13 in Fighting
  7623 | D:8      | Noticed a two-headed ogre
  7636 | D:8      | Killed a two-headed ogre
  7636 | D:8      | Reached * piety under Okawaru
  8599 | D:8      | Noticed a two-headed ogre
  8602 | D:8      | Reached skill level 1 in Invocations
  8619 | D:8      | Killed a two-headed ogre
  8619 | D:8      | Reached ** piety under Okawaru
  8622 | D:8      | Slain by an orc warrior

Illustrated notes

Levels and vault maps discovered:
D:1:      elethiomel_arrival_shortcut, layout_basic, serial_shops,
          nicolae_shop_waterfront, minmay_strange_pillars, dk_noncrumbling_3,
          chequers_serial_rivers_marsh
D:2:      layout_basic
D:3:      layout_loops_ring, mainiacjoe_overflow_surrounded_room,
          marbit_many_paths, grunt_temple_overflow_open, minmay_goblin_outpost
D:4:      layout_loops_cross, mainiacjoe_overflow_cross_hatched,
          temple_doors_cd, serial_shops, shop, due_unseen_surprise, uniq_edmund,
          uniq_ijyb, uniq_grinder
D:5:      layout_cave_pods, hex_large, hangedman_abyss_or_decor_passed,
          corexii_corridor_pit, minmay_crystal_room, wad_floor_pattern_2,
          uniq_blork_the_orc
D:6:      layout_loops_ring, trog_book
D:7:      minmay_inner_zag, layout_loops_cross,
          gammafunk_temple_overflow_statue, kennysheep_pointless_box,
          uniq_joseph
D:8:      layout_loops_ring, grunt_lair_entry_orc_guard_hut
Temple:   compressed_dpeg_triangle_lava_temple

Skill      XL: |  1  2  3  4  5  6  7  8  9 10 |
---------------+-------------------------------+-----
Fighting       | 4 5 6 7 9 11 12 13 | 13.9
Maces & Flails | 3 4 |  4.7
Armour         | 4 6 7 |  7.6
Shields        | 4 6 7 |  7.5
Invocations    | 2 |  2.0

Action                     |  1- 3 |  4- 6 |  7- 9 | 10-12 || total
---------------------------+-------+-------+-------+-------++-------
  Melee: Flail             |   113 |   181 |       |       ||   294
         Rapier            |       |    11 |   228 |   111 ||   350
 Invoke: Heroism           |       |       |       |     1 ||     1
    Use: Scroll            |       |     2 |     5 |     1 ||     8
         Potion            |       |     2 |     2 |     1 ||     5
 Armour: Scale mail        |    82 |   135 |       |       ||   217
         Skin              |       |    24 |    31 |       ||    55
         Ring mail         |       |       |    95 |    59 ||   154
  Dodge: Dodged            |    68 |   115 |    91 |    58 ||   332
  Block: Buckler           |    34 |    45 |    56 |    38 ||   173

Table legend: (Time is in decaauts)
 A = Elapsed time spent in this place.
 B = Non-inter-level travel time spent in this place.
 C = Inter-level travel time spent in this place.
 D = Time resting spent in this place.
 E = Time spent auto-exploring this place.
 F = Levels seen in this place.
 G = Mean time per level.
                   A        B        C        D        E       F      G
               +--------+--------+--------+--------+--------+-----+--------+
         Total |   8791 |   8406 |    385 |   1583 |   5468 |   9 |  976.8 |
       Dungeon |   8778 |   8404 |    374 |   1583 |   5468 |   8 | 1097.2 |
        Temple |     12 |      1 |     11 |      0 |      0 |   1 |   12.0 |
               +--------+--------+--------+--------+--------+-----+--------+

Top non-repeatable levels by time:
     D:4: 1660 daAuts
     D:7: 1355 daAuts
     D:5: 1134 daAuts
     D:8: 1101 daAuts
     D:3: 1024 daAuts
     D:1: 1013 daAuts
     D:6: 867 daAuts
     D:2: 623 daAuts
  Temple: 12 daAuts
